Map: Bel'Shir Vestige LE (Void)

Players

LiquidSnute (Snute) - Winner!

  • Race: Zerg Zerg
  • Spawn Location: 5:00

NWDragon (Dragon)

  • Race: Terran Terran
  • Spawn Location: 11:00

Event: IEM XI Katowice - World Championship 2017

VOD

Have the link to the VOD?

Description

Time

  • Played on: Feb. 27, 2017, 4:15 a.m.
  • Length: 6:54

All games in this series

Show
View Real Time Build Order
Export as new Build Order

LiquidSnute Zerg - Winner!

Build Orders: Hatch First 

Get SALT Encoding   

  12  0:00  Drone  
  13  0:12  Overlord  
  13  0:17  Drone  
  14  0:30  Drone x2  
  14  0:34  Drone  
  17  0:52  Hatchery  
  17  0:55  Drone  
  17  0:57  Drone  
  17  1:01  Extractor  
  17  1:12  Spawning Pool  
  17  1:15  Drone  
  17  1:18  Drone  
  18  1:28  Drone  
  19  1:38  Overlord  
  19  1:49  Drone  
  20  1:59  Queen  
  20  2:01  Metabolic Boost  
  22  2:03  Zergling x2  
  22  2:04  Queen  
  22  2:05  Zergling x2  
  26  2:12  Drone  
  26  2:15  Drone  
  28  2:22  Drone  
  29  2:29  Drone  
  30  2:34  Queen  
  30  2:35  Drone  
  33  2:38  Overlord  
  33  2:46  Drone  
  33  2:49  Drone  
  35  2:54  Drone  
  36  3:02  Drone  
  36  3:03  Hatchery  
  36  3:07  Drone x3  
  36  3:08  Drone  
  36  3:09  Drone  
  41  3:14  Overlord  
  41  3:15  Drone x2  
  41  3:17  Drone  
  44  3:24  Overlord  
  44  3:30  Roach Warren  
  44  3:31  Drone  
  44  3:32  Queen  
  46  3:36  Queen  
  46  3:40  Zergling x4  
  50  3:45  Overlord  
  51  3:48  Drone x3  
  51  3:50  Drone  
  51  3:53  Overlord  
  54  3:59  Extractor  
  53  4:04  Drone  
  53  4:05  Drone x2  
  53  4:06  Drone  
  57  4:14  Extractor  
  57  4:15  Lair  
  57  4:16  Drone x4  
  57  4:17  Drone x2  
  62  4:22  Drone x3  
  65  4:32  Queen  
  67  4:39  Drone x5  
  67  4:40  Overlord  
  67  4:41  Overlord, Extractor  
  67  4:43  Extractor, Drone  
  67  4:44  Drone x2  
  73  4:47  Extractor, Drone  
  73  4:49  Overlord  
  73  4:50  Drone  
  74  4:58  Overlord x3  
  74  5:13  Glial Reconstitution  
  74  5:15  Roach x7  
  74  5:19  Roach x2  
  91  5:23  Spore Crawler  
  91  5:24  Spore Crawler  
  91  5:25  Overseer  
  91  5:27  Roach  
  91  5:30  Overseer  
  91  5:32  Roach  
  91  5:33  Roach x2  
  97  5:45  Roach  
  97  5:46  Roach x4  
  105  5:51  Ravager x2  
  105  5:52  Ravager x2  
  105  5:53  Roach, Ravager  
  105  5:54  Roach  
  114  6:02  Roach x4  
  122  6:07  Overlord x3  
  117  6:29  Roach  
  117  6:30  Roach x10  
  139  6:38  Spire  
Show
View Real Time Build Order
Export as new Build Order

NWDragon Terran 

Build Orders: Hellion Banshee 

Get SALT Encoding   

  12  0:00  SCV  
  13  0:13  SCV  
  14  0:19  Supply Depot  
  14  0:25  SCV  
  15  0:34  Refinery  
  15  0:41  SCV  
  16  0:48  Barracks  
  16  0:53  SCV  
  17  1:05  SCV  
  18  1:17  SCV  
  19  1:18  Refinery  
  19  1:37  Reaper, Orbital Command  
  19  1:39  Supply Depot  
  20  1:56  Factory  
  20  2:03  SCV  
  21  2:15  SCV, Barracks Reactor  
  22  2:27  SCV  
  23  2:39  SCV  
  24  2:51  SCV  
  25  3:00  Barracks Tech Lab  
  25  3:03  Supply Depot  
  25  3:04  Starport  
  25  3:05  Cyclone x2  
  31  3:12  SCV  
  31  3:25  Marine, Command Center  
  32  3:29  SCV  
  33  3:41  SCV  
  34  3:47  Hellion x2  
  38  3:53  SCV  
  38  3:55  Armory  
  39  3:57  Supply Depot  
  39  4:00  Supply Depot  
  39  4:04  Cloaking Field  
  39  4:18  Hellion x2  
  39  4:23  Banshee  
  46  4:25  SCV  
  47  4:37  Orbital Command  
  47  4:40  Hellion x2  
  51  4:56  Supply Depot  
  51  4:57  SCV  
  52  5:02  Orbital Command  
  52  5:09  Banshee  
  55  5:16  Supply Depot  
  55  5:18  Hellion  
  55  5:19  Supply Depot, Hellion  
  55  5:20  Supply Depot  
  59  5:26  Marine  
  60  5:28  SCV  
  60  5:39  Hellion  
  55  5:51  SCV  
  55  5:52  SCV  
  55  5:54  Banshee  
  55  5:56  Barracks Tech Lab  
  59  6:04  SCV  
  47  6:31  Supply Depot  
  47  6:32  SCV x2  

Tags
 
Add a new tag
Caveats
  • Supply blocks, unpowered buildings, or Contaminate may cause inaccurate times.
  • Supply counts are checked every 10 seconds.